 Dungeon Crawl Stone Soup version 0.31-a0-188-g5e087ee2ca (webtiles) character file.

Game seed: 2646470206414497644

53 qw the Shooter (level 3, -3/20 HPs)
             Began as a Deep Elf Hunter on June 23, 2023.
             Slain by a gnoll
             ... wielding a +0 whip
              (5 damage)
             ... on level 2 of the Dungeon.
             The game lasted 00:00:31 (1191 turns).

qw the Shooter (Deep Elf Hunter)                    Turns: 1191, Time: 00:00:32

Health: -3/20      AC:  3    Str: 10    XL:     3   Next: 62%
Magic:  5/5        EV: 12    Int: 13    God:
Gold:   62         SH:  0    Dex: 18    Spells: 2/2 levels left

rFire   . . .        Y - +1 orcbow
rCold   . . .        (shield currently unavailable)
rNeg    . . .        c - +0 leather armour
rPois   .            (no helmet)
rElec   .            (no cloak)
rCorr   .            (no gloves)
SInv    .            (no boots)
Will    .....        (no amulet)
Stlth   ++           (no ring)
HPRegen 0.23/turn    (no ring)
MPRegen 0.09/turn

%: no passive effects
@: no status effects
A: no striking features
a: no special abilities


You were on level 2 of the Dungeon.
You visited 1 branch of the dungeon, and saw 3 of its levels.

You collected 62 gold pieces.


   Skills:
 - Level 1.5 Fighting
 + Level 7.1 Ranged Weapons
 - Level 2.4 Dodging
 - Level 1.2 Stealth


You had 2 spell levels left.
You didn't know any spells.
Your spell library was empty.

Inventory:

Hand Weapons
 Y - a +1 orcbow (weapon)
Armour
 c - a +0 leather armour (worn)
Scrolls
 f - a scroll of identify
Potions
 a - a potion of curing
 d - a potion of resistance
 e - a potion of cancellation
 g - a potion of degeneration {unknown}
 j - a potion of haste {unknown}

Dungeon Overview and Level Annotations

Branches:
Dungeon (3/15)

Altars:


Message History

There is a stone staircase leading up here.
There are monsters nearby!
Waypoint 2 assigned to D:3.
You shoot an arrow. The arrow hits the gnoll!
The gnoll is severely wounded.
You shoot an arrow.
The arrow hits the gnoll but does no damage.
The gnoll is severely wounded.
A gnoll comes into view. It is wielding a +0 flail.
You shoot an arrow. The gnoll shouts!
The arrow hits the gnoll.
The gnoll is almost dead.
The gnoll throws a throwing net.
The throwing net hits you.
You become entangled in the net!
A gnoll comes into view. It is wielding a +0 whip.
You struggle against the net.
The gnoll hits you with a +0 whip.
An endoplasm comes into view.
You struggle against the net.
The gnoll completely misses you.
You struggle against the net.
The gnoll hits you but does no damage. The gnoll hits you with a +0 whip!
You rip the net and break free!
The gnoll hits you with a +0 whip.
A rat comes into view.
The gnoll barely misses you.
1189 ||| STAIRDANCE The gnoll hits you with a +0 whip. x2
You climb upwards.
There is a stone staircase leading down here.
Enter note:
Enter note:
Enter note:
Enter note:
Enter note:
Enter note: You shoot an arrow.
The arrow hits the gnoll!
You kill the gnoll!
The gnoll hits you with a +0 whip.
You die...

#.# ###.....## ##..#
#.######...## ##...
#.^.......## ### #..#.
#########.# ##.##
#.### #.######...##
#..#. #...........#
##... ##.######>..##
#.## ##..)##
##.#######.##
#....@#####...........
#...g.............####
#.....############# #
##...## # ##### #


You could see a gnoll.

Vanquished Creatures
  A gnoll (D:2)
  An adder (D:2)
  2 worms (D:2)
  7 bats
  3 endoplasms
  2 giant cockroaches
  2 hobgoblins
  2 kobolds (D:1)
  5 quokkas
  A ball python (D:2)
  7 frilled lizards
  3 goblins (D:1)
  4 rats
40 creatures vanquished.

Notes
Turn   | Place    | Note
-------+----------+-------------------------------------------
     0 | D:1      | qw the Deep Elf Hunter began the quest for the Orb.
     0 | D:1      | Reached XP level 1. HP: 12/12 MP: 3/3
     0 | D:1      | 0 ||| qw: Version: 0.3-a-9-g12657ce
     0 | D:1      | 0 ||| qw: Game counter: 3392
     0 | D:1      | 0 ||| qw: Always use a shield: true
     0 | D:1      | 0 ||| qw: God list: Okawaru
     0 | D:1      | 0 ||| qw: Allow faded altars: false
     0 | D:1      | 0 ||| qw: Do Orc after D:15 true
     0 | D:1      | 0 ||| qw: Do second Lair branch before Depths: true
     0 | D:1      | 0 ||| qw: Lair rune preference: random
     0 | D:1      | 0 ||| qw: Plans: Normal
     0 | D:1      | 0 ||| PLANNING D:1-11
    80 | D:1      | 80 ||| SWAPPING to +0 orcbow.
   113 | D:1      | 113 ||| DROPPING +0 shortbow.
   128 | D:1      | Reached XP level 2. HP: 16/16 MP: 4/4
   134 | D:1      | Reached skill level 6 in Ranged Weapons
   432 | D:1      | 432 ||| READING 3 scrolls labelled NEKKENT NEXA.
   433 | D:1      | 433 ||| READING scroll labelled OSAGUFIBB.
   534 | D:1      | 534 ||| READING scroll labelled REP IKODUDIFAV.
   535 | D:1      | 535 ||| DRINKING 2 silvery potions.
   536 | D:1      | 536 ||| DRINKING 2 pink potions.
   537 | D:1      | 537 ||| READING 2 scrolls of identify.
   537 | D:1      | 537 ||| IDENTIFYING orange potion
   538 | D:1      | 538 ||| DROPPING scroll of butterflies.
   539 | D:1      | 539 ||| DROPPING potion of brilliance.
   580 | D:2      | Reached XP level 3. HP: 20/20 MP: 5/5
   767 | D:2      | Reached skill level 7 in Ranged Weapons
  1148 | D:2      | 1148 ||| READING scroll labelled YLEOCU LUGRU.
  1149 | D:2      | 1149 ||| READING 2 scrolls of identify.
  1149 | D:2      | 1149 ||| IDENTIFYING fizzy red potion
  1189 | D:3      | 1189 ||| STAIRDANCE
  1189 | D:3      | HP: 4/20 [gnoll/+0 whip (5)]
  1189 | D:3      | HP: 1/20 [gnoll/+0 whip (3)]
  1191 | D:2      | Slain by a gnoll

Levels and vault maps discovered:
D:1:      ncdulo_halloftheorcs, layout_rooms, hangedman_decor_opposing
D:2:      layout_loops_ring
D:3:      cheibrodos_old_hovel, layout_rooms,
          chequers_temple_overflow_statue_of_worship,
          mainiacjoe_overflow_chevrons

Skill      XL: |  1  2  3 |
---------------+----------+-----
Ranged Weapons | 6 7 |  7.1
Fighting       | |  1.5
Dodging        | |  2.4
Stealth        | |  1.2

Action                     || total
---------------------------++-------
   Fire: Orcbow            ||   107
         Shortbow          ||     8
    Use: Scroll            ||     6
         Potion            ||     2
 Armour: Leather armour    ||    15
  Dodge: Dodged            ||    29

Table legend:
 A = Non-vault XP
 B = Vault XP
 C = Vault XP percentage of total XP
 D = Non-vault monster count
 E = Vault monster count
 F = Vault count percentage of total count
                 A         B        C        D         E       F
            +---------+---------+-------+---------+---------+-------
      Total |      90 |       0 |   0.0 |      40 |       0 |   0.0
            +---------+---------+-------+---------+---------+-------
        D:1 |      35 |       0 |   0.0 |      23 |       0 |   0.0
        D:2 |      55 |       0 |   0.0 |      17 |       0 |   0.0
            +---------+---------+-------+---------+---------+-------
